AoeStats
← VIT Liereyy

Arabian Desert

509102536Analyzed
1v1 RM · 6d ago on Sep 25, 2026· 40m 12s· 2 players
Game mode
Random Map
Map size
Tiny (2 player)
Population
200
Speed
Normal
Resources
Standard
Victory
Conquest
Starting age
Dark Age
Ending age
Imperial Age
RankedLock teamsTeams togetherTeam positionsShared explorationLock speedFull tech treeHidden civsTurbo modeCheats
Victory
Defeat
🇨🇳 Byzantines · China
2823
+23
🇦🇹 Spanish · Austria
2979
-23
VIT Liereyy
7:34 Loom
10:00 Feudal Age
13:57 Castle Age
13:04 Double-Bit Axe
22:40 Bow Saw
24:40 Horse Collar
25:46 Padded Archer Armor
27:29 Leather Archer Armor
28:49 Husbandry
29:38 Bloodlines
30:51 Wheelbarrow
32:32 Hand Cart
36:52 Imperial Age
35:19 Town Watch
35:11 Man-at-Arms
35:36 Gambesons
35:52 Squires
36:30 Long Swordsman
37:52 Supremacy
40:27 Chemistry
_LY_Yo
5:47 Loom
8:19 Feudal Age
10:07 Double-Bit Axe
13:19 Fletching
19:31 Castle Age
17:49 Horse Collar
18:14 Gold Mining
19:34 Crossbowman
20:09 Bodkin Arrow
21:25 Padded Archer Armor
22:06 Ballistics
22:35 Elite Skirmisher
23:54 Elite Skirmisher
27:25 Wheelbarrow
27:19 Leather Archer Armor
31:39 Imperial Age
29:35 Heavy Plow
29:57 Scale Mail Armor
30:18 Leather Archer Armor
31:29 Bow Saw
32:21 Hand Cart
32:31 Bracer
34:09 Chemistry
33:57 Bracer
37:42 Ring Archer Armor
38:46 Conscription
Connection lost

Rejoining the realm…

Still unreachable

The connection could not be restored.

Session expired

The server has moved on; the page needs a fresh start.